 Seeded DCSS version 0.30-a0-1043-g60ff8d5f49 (webtiles) character file.

Game seed: 10352460324943366261 (custom seed)

44 GigaChad the Shield-Bearer (level 3, 0/29 HPs)
             Began as a Formicid Fighter on Apr 11, 2023.
             Slain by an adder (2 damage)
             ... on level 2 of the Dungeon.
             The game lasted 00:01:43 (1033 turns).

GigaChad the Shield-Bearer (Formicid Fighter)       Turns: 1033, Time: 00:01:44

Health: 0/29       AC:  7    Str: 28    XL:     3   Next: 87%
Magic:  3/3        EV:  8    Int:  7    God:
Gold:   28         SH:  9    Dex: 13    Spells: 2/2 levels left

rFire   . . .      SeeInvis +    a - +0 war axe
rCold   . . .      Faith    .    i - +0 kite shield
rNeg    . . .      Spirit   .    b - +0 scale mail
rPois   .          Reflect  .    (helmet unavailable)
rElec   .          Rampage  .    (no cloak)
rCorr   .                        (no gloves)
Will    .....                    (no boots) Stlth
                                 (no amulet)
HPRegen 0.24/turn                g - +6 ring of strength
MPRegen 0.08/turn                (no ring)

@: lethally poisoned (0 -> -3)
A: permanent stasis, dig shafts and tunnels, antennae 3, four strong arms
a: Dig, Shaft Self


You were on level 2 of the Dungeon.
You visited 1 branch of the dungeon, and saw 2 of its levels.

You collected 28 gold pieces.

Inventory:

Hand Weapons
 a - a +0 war axe (weapon)
Armour
 b - a +0 scale mail (worn)
 c - a +0 buckler
 i - a +0 kite shield (worn)
Jewellery
 g - a +6 ring of strength (left hand)
Scrolls
 e - a scroll of fear {unknown}
 f - a scroll of butterflies {unknown}
 k - a scroll of fog {unknown}
 l - 5 scrolls of identify {unknown}
Potions
 d - a potion of might
 h - a potion of curing {unknown}
 j - a potion of flight {unknown}
 m - a potion of degeneration {unknown}
 n - a potion of brilliance {unknown}


   Skills:
 * Level 3.6 Fighting
 + Level 2.5 Axes
 + Level 3.9 Armour
 * Level 4.5 Shields


You had 2 spell levels left.
You didn't know any spells.
Your spell library contained the following spells:

 Spells                   Type           Power      Damage    Failure   Level
 Kiss of Death            Conj/Necr      0%         2d5       92%         1
 Slow                     Hex            0%         N/A       92%         1
 Confusing Touch          Hex            0%         N/A       100%        3
 Vampiric Draining        Necr           0%         2d6       100%        3
 Dispel Undead            Necr           0%         3d6       100%        4


Dungeon Overview and Level Annotations

Branches:
Dungeon (2/15)

Altars:

Shops:
D:1 [


Innate Abilities, Weirdness & Mutations

You cannot be hasted, slowed, berserked, paralysed or teleported.
You can dig through walls and to a lower floor.
You have a pair of large antennae on your head. (SInv)
Your four strong arms can wield two-handed weapons with a shield.


Message History

You miss the adder. The adder bites you. You block the ball python's attack.
The ball python constricts you. The adder bites you.
The ball python bites you but does no damage.
The ball python constricts you.
You slash the ball python!
You kill the ball python!
You hit the adder but do no damage. You block the adder's attack.
The adder barely misses you. The adder bites you but does no damage.
The adder bites you but does no damage.
There is a stone staircase leading up here.
You see here a rat corpse.
The adder bites you but does no damage. The adder bites you but does no damage.
There is a stone staircase leading up here.
You see here a rat corpse.
You closely miss the adder. The adder barely misses you.
The adder closely misses you.
You barely miss the adder. You block the adder's attack.
The adder bites you but does no damage.
You miss the adder. The adder bites you but does no damage.
You block the adder's attack.
You hit the adder but do no damage. The adder bites you.
* * * LOW HITPOINT WARNING * * *
You are poisoned.
The adder poisons you! You block the adder's attack.
You closely miss the adder.
You feel sick. You block the adder's attack.
The adder bites you but does no damage.
You barely miss the adder.
You feel sick. You block the adder's attack. The adder barely misses you.
You barely miss the adder.
You feel sick.
You are no longer poisoned.
The adder bites you but does no damage. x3
You miss the adder. The adder bites you.
* * * LOW HITPOINT WARNING * * *
You are lethally poisoned!
The adder poisons you! The adder barely misses you.
You miss the adder.
* * * LOW HITPOINT WARNING * * *
You feel sick. The adder bites you.
You die...

.# .# .#
#####.####.
..........
........
#.###S..####.
#..†.@.......
#.####.######
... .### .#
.# .. ..


You could see an adder.

Vanquished Creatures
  A gnoll (D:1)
  An adder (D:2)
  A dart slug (D:1)
  3 ball pythons
  5 endoplasms (D:1)
  A hobgoblin (D:1)
  2 jackals (D:1)
  A quokka (D:1)
  A bat (D:1)
  3 frilled lizards (D:1)
  2 goblins (D:1)
  2 rats
23 creatures vanquished.

Vanquished Creatures (others)
  29 plants (D:1)
29 creatures vanquished.

Grand Total: 52 creatures vanquished

Notes
Turn   | Place    | Note
-------+----------+-------------------------------------------
     0 | D:1      | GigaChad the Formicid Fighter began the quest for the Orb.
     0 | D:1      | Reached XP level 1. HP: 18/18 MP: 1/1
   155 | D:1      | Reached XP level 2. HP: 7/24 MP: 2/2
   524 | D:1      | Reached XP level 3. HP: 28/29 MP: 3/3
   631 | D:1      | Found a faded altar of an unknown god.
   779 | D:1      | Found Huege's Antique Armour Shoppe.
  1033 | D:2      | Slain by an adder

Illustrated notes

Levels and vault maps discovered:
D:1:      roderic_crop_circles_arrival_large, layout_basic,
          dreamdust_ecumenical_altar_grove, serial_shops, shop, st_stairs_6
D:2:      layout_loops_ring, uniq_crazy_yiuf_cottage, uniq_jessica

Action                     || total
---------------------------++-------
  Melee: War axe           ||    73
 Armour: Scale mail        ||    45
  Dodge: Dodged            ||    35
  Block: Buckler           ||     9
         Kite shield       ||    34

Table legend: (Time is in decaauts)
 A = Elapsed time spent in this place.
 B = Non-inter-level travel time spent in this place.
 C = Inter-level travel time spent in this place.
 D = Time resting spent in this place.
 E = Time spent auto-exploring this place.
 F = Levels seen in this place.
 G = Mean time per level.
                   A        B        C        D        E       F      G
               +--------+--------+--------+--------+--------+-----+--------+
         Total |   1067 |   1029 |     38 |    254 |    527 |   2 |  533.5 |
       Dungeon |   1067 |   1029 |     38 |    254 |    527 |   2 |  533.5 |
               +--------+--------+--------+--------+--------+-----+--------+

Top non-repeatable levels by time:
     D:1: 1033 daAuts
     D:2: 33 daAuts
